 Dungeon Crawl Stone Soup version 0.32-a0-171-g4625e66871 (webtiles) character file.

Game seed: 14503205053579958076

2 brrff the Cudgeller (level 1, -3/18 HPs)
             Began as a Minotaur Gladiator on Feb 12, 2024.
             Slain by a ribbon worm (6 damage)
             ... on level 1 of the Dungeon.
             The game lasted 00:00:35 (35 turns).

brrff the Cudgeller (Minotaur Gladiator)              Turns: 35, Time: 00:00:35

Health: -3/18      AC:  3    Str: 18    XL:     1   Next: 33%
Magic:  0/0        EV: 12    Int:  5    God:
Gold:   0          SH:  0    Dex: 11    Spells: 0/0 levels left

rFire   . . .        a - +0 flail
rCold   . . .        (no shield)
rNeg    . . .        b - +0 leather armour
rPois   .            c - +0 hat
rElec   .            (no cloak)
rCorr   .            (no gloves)
SInv    .            (no boots)
Will    .....        (no amulet)
Stlth   +            (no ring)
HPRegen 0.23/turn    (no ring)
MPRegen 0.07/turn

%: no passive effects
@: no status effects
A: horns 2, retaliatory headbutt
a: no special abilities


You were on level 1 of the Dungeon.
You visited 1 branch of the dungeon, and saw 1 of its levels.

Inventory:

Hand Weapons
 a - a +0 flail (weapon)
Missiles
 d - 3 throwing nets (quivered)
 e - a javelin
Armour
 b - a +0 leather armour (worn)
 c - a +0 hat (worn)


   Skills:
 + Level 2.4 Fighting
 + Level 3.7 Maces & Flails
 + Level 2.0 Throwing
 + Level 3.3 Dodging


You couldn't memorise any spells.
You didn't know any spells.
Your spell library was empty.

Dungeon Overview and Level Annotations

Branches:
Dungeon (1/15)

Altars:


Innate Abilities, Weirdness & Mutations

You have a pair of horns on your head.
You reflexively headbutt those who attack you in melee.


Message History

The jackal barks! x2; You hear a bark!
There is a staircase leading out of the dungeon here.
The endoplasm quivers.
Found 15 gold pieces.
The rat squeaks loudly.
You hear a bark!
There is a fountain of clear blue water here.
There is a staircase leading out of the dungeon here.
There is a staircase leading out of the dungeon here.
The jackal stops to sniff the ground.
The giant cockroach waves its antennae.
You open the door. You sock the jackal!
You kill the jackal!
You sock the giant cockroach!
You kill the giant cockroach!
The rat twitches its whiskers.
You hit the ribbon worm.
The ribbon worm is lightly wounded.
The ribbon worm expels a string of sticky webbing.
The stream of webbing misses you.
You barely miss the ribbon worm.
The ribbon worm expels a string of sticky webbing.
The stream of webbing misses you.
You hit the ribbon worm.
The ribbon worm is lightly wounded.
The ribbon worm barely misses you. You furiously retaliate!
You headbutt the ribbon worm, but do no damage.
You barely miss the ribbon worm.
The ribbon worm is lightly wounded.
The ribbon worm bites you!
You barely miss the ribbon worm.
The jackal stops to sniff the ground.
The ribbon worm bites you.
The jackal stops to sniff the ground.
You hit the ribbon worm but do no damage.
The ribbon worm bites you!
* * * LOW HITPOINT WARNING * * *
You barely miss the ribbon worm.
You headbutt the ribbon worm, but do no damage.
The ribbon worm bites you.
You die...

###+#######+###
#..⌠...>...⌠..#
#......<......#
+⌠....###....⌠+
#......@......#
#######w#######
#...JrrrJB....#
#...hJhhh.....#
#.....hB......#
###############


You could see a ribbon worm, 3 endoplasms, 5 jackals, 2 giant cockroaches and 3
rats.

Vanquished Creatures
  A giant cockroach (D:1)
  A jackal (D:1)
2 creatures vanquished.

Notes
Turn   | Place    | Note
-------+----------+-------------------------------------------
     0 | D:1      | brrff the Minotaur Gladiator began the quest for the Orb.
     0 | D:1      | Reached XP level 1. HP: 18/18 MP: 0/0
     1 | D:1      | Found a runed translucent door.
    35 | D:1      | Slain by a ribbon worm

Illustrated notes

Levels and vault maps discovered:
D:1:      dpeg_arrival_caged_fury, layout_basic, st_stairs_14

Action                     || total
---------------------------++-------
  Melee: Flail             ||     9
         Headbutt          ||     1
 Armour: Leather armour    ||     4
  Dodge: Dodged            ||     3

Table legend: (Time is in decaauts)
 A = Elapsed time spent in this place.
 B = Non-inter-level travel time spent in this place.
 C = Inter-level travel time spent in this place.
 D = Time resting spent in this place.
 E = Time spent auto-exploring this place.
 F = Levels seen in this place.
 G = Mean time per level.
                   A        B        C        D        E       F      G
               +--------+--------+--------+--------+--------+-----+--------+
         Total |     36 |     36 |      0 |      0 |      0 |   1 |   36.0 |
       Dungeon |     36 |     36 |      0 |      0 |      0 |   1 |   36.0 |
               +--------+--------+--------+--------+--------+-----+--------+

Top non-repeatable levels by time:
     D:1: 36 daAuts
